 Dungeon Crawl Stone Soup version 0.26-a0-810-ge1a9524b62 (webtiles) character file.

Game seed: 6485260136896878997

15 marklar909 the Ruffian (level 2, -4/23 HPs)
             Began as a Draconian Transmuter on Nov 13, 2020.
             Slain by a gnoll (7 damage)
             ... on level 1 of the Dungeon.
             The game lasted 00:00:26 (100 turns).

marklar909 the Ruffian (Draconian Transmuter)        Turns: 100, Time: 00:00:27

Health: -4/23      AC:  4    Str: 12    XL:     2   Next: 34%
Magic:  4/5        EV: 12    Int: 13    God:
Gold:   0          SH:  0    Dex: 11    Spells: 4/5 levels left

rFire    . . .     SeeInvis .   a - +0 mace
rCold    . . .     Faith    .   (no shield)
rNeg     . . .     Spirit   .   (armour unavailable)
rPois    .         Reflect  .   (helmet currently unavailable)
rElec    .         Harm     .   (no cloak)
rCorr    .         Rampage  .   (no gloves)
MR       .....                  (boots currently unavailable)
Stlth    +.........             (no amulet)
HPRegen  0.07/turn              (no ring)
MPRegen  0.09/turn              (no ring)

@: appendages (expiring)
A: unfitting armour, horns 2, talons 2, cold-blooded, AC +4
a: End Transformation


You were on level 1 of the Dungeon.
You had grown temporary horns.
You had grown temporary talons.
You visited 1 branch of the dungeon, and saw 1 of its levels.

Inventory:

Hand Weapons
 a - a +0 mace (weapon)


   Skills:
 + Level 1.1 Fighting
 + Level 0.1 Maces & Flails
 + Level 2.0 Dodging
 + Level 3.3 Unarmed Combat
 + Level 2.2 Spellcasting
 + Level 2.1 Transmutations


You had 4 spell levels left.
You knew the following spells:

 Your Spells              Type           Power        Failure   Level
a - Beastly Appendage     Tmut           #.....       11%         1

Your spell library contained the following spells:

 Spells                   Type           Power        Failure   Level
 Wereblood                Tmut           #.......     16%         2
 Spider Form              Tmut/Pois      #.........   43%         3
 Ice Form                 Ice/Tmut       #.......     85%         4
 Blade Hands              Tmut           #.........   96%         5


Dungeon Overview and Level Annotations

Branches:
Dungeon (1/15)

Altars:


Innate Abilities, Weirdness & Mutations

Your plain brown scales are hard. (AC +4)
You cannot fit into any form of body armour.
You are cold-blooded and may be slowed by cold attacks.
You have a pair of horns on your head.
You have razor-sharp toenails.


Message History

You tail-slap the kobold, but do no damage.
The kobold hits you with a cursed -1 dagger.
Casting: Beastly Appendage (safe; 11% risk of failure)
Confirm with . or Enter, or press ? or * to list all spells.
You grow a pair of large bovine horns.
Your feet morph into talons.
The kobold hits you but does no damage.
You hit the kobold but do no damage. You claw the kobold.
You kill the kobold!
Your magical contamination has completely faded away.
You hit the ooze. You tail-slap the ooze.
The ooze is heavily wounded.
The ooze hits you. x2
* * * LOW HITPOINT WARNING * * *
You hit the ooze. You claw the ooze.
You kill the ooze!
Your Dodging skill increases to level 2!
Unknown command.
Your transformation is almost over.
The gnoll hits you!
You die...

# ##...## # ##.##
#######.#####
............########
.####..........r...#
#.##.#..###.#####r#
#.....(# #.... #.#
##..#.r###.##.##.#
#........!....@g.#
..##.#.###.###.####
. #... ..# #. ###.
## .. #. #.. .> #..
.. #.. #.#


You could see a gnoll.

Vanquished Creatures
  2 oozes (D:1)
  2 giant cockroaches (D:1)
  A hobgoblin (D:1)
  A goblin (D:1)
  A kobold (D:1)
7 creatures vanquished.

Notes
Turn   | Place    | Note
-------+----------+-------------------------------------------
     0 | D:1      | marklar909 the Draconian Transmuter began the quest for the
                  | Orb.
     0 | D:1      | Reached XP level 1. HP: 16/16 MP: 3/3
    76 | D:1      | Reached XP level 2. HP: 12/23 MP: 3/5
   100 | D:1      | Slain by a gnoll

Illustrated notes

Levels and vault maps discovered:
D:1:      onia_arrival_pyramid, layout_loops_cross, due_unseen_surprise

Skill      XL: |  1  2 |
---------------+-------+-----
Dodging        | 2 |  2.0
Fighting       | |  1.1
Maces & Flails | |  0.1
Unarmed Combat | |  3.3
Spellcasting   | |  2.2
Transmutations | |  2.1

Action                   || total
-------------------------++-------
Melee: Mace              ||    17
       Headbutt          ||     3
       Kick              ||     4
       Tailslap          ||     3
 Cast: Beastly Appendage ||     3
Armor: Skin              ||    16
Dodge: Dodged            ||    17

Table legend: (Time is in decaauts)
 A = Elapsed time spent in this place.
 B = Non-inter-level travel time spent in this place.
 C = Inter-level travel time spent in this place.
 D = Time resting spent in this place.
 E = Time spent auto-exploring this place.
 F = Levels seen in this place.
 G = Mean time per level.
                   A        B        C        D        E       F      G
               +--------+--------+--------+--------+--------+-----+--------+
         Total |    106 |     94 |     12 |      0 |     35 |   1 |  106.0 |
       Dungeon |    106 |     94 |     12 |      0 |     35 |   1 |  106.0 |
               +--------+--------+--------+--------+--------+-----+--------+

Top non-repeatable levels by time:
     D:1: 106 daAuts
